 Dungeon Crawl Stone Soup version 0.28.0-1-gb440e238dd (webtiles) character file.

Game seed: 6301642255181297679

36 smarlow the Magician (level 3, -1/27 HPs)
             Began as a Djinni Hedge Wizard on Feb 25, 2022.
             Slain by an adder (2 damage)
             ... on level 1 of the Dungeon.
             The game lasted 00:03:36 (1806 turns).

smarlow the Magician (Djinni Hedge Wizard)          Turns: 1806, Time: 00:03:36

Health: -1/27      AC:  5    Str:  9    XL:     3   Next: 57%
Gold:   73         EV: 12    Int: 17    God:
                   SH:  0    Dex: 12

rFire   + + .      SeeInvis .   a - +0 dagger
rCold   x . .      Faith    .   (no shield)
rNeg    . . .      Spirit   .   b - +0 robe
rPois   ∞          Reflect  .   c - +0 hat
rElec   .          Harm     .   d - +2 cloak
rCorr   .          Rampage  .   (no gloves)
Will    .....                   (boots unavailable)
Stlth   ++........              (no amulet)
HPRegen 0.09/turn               (no ring)
MPRegen 0.00/turn               (no ring)

@: flying
A: sickness immunity, fire resistance 2, cold vulnerability 1, float, innate
caster, HP casting, extra vitality 1
a: no special abilities


You were on level 1 of the Dungeon.
You visited 1 branch of the dungeon, and saw 2 of its levels.

You collected 73 gold pieces.

Inventory:

Hand Weapons
 a - a +0 dagger (weapon)
Armour
 b - a +0 robe (worn)
 c - a +0 hat (worn)
 d - a +2 cloak (worn)
 g - a +2 tower shield
Scrolls
 h - a scroll of magic mapping {unknown}


   Skills:
 * Level 1.1 Fighting
 + Level 2.6 Dodging
 + Level 2.1 Stealth
 + Level 0.1 Shields
 * Level 2.7 Spellcasting


You couldn't memorise any spells.
You knew the following spells:

 Your Spells              Type           Power      Damage    Failure   Level
a - Magic Dart            Conj           44%        1d5       6%          1
b - Blink                 Tloc           22%        N/A       9%          2
c - Call Imp              Summ           11%        N/A       9%          2
d - Slow                  Hex            44%        N/A       6%          1
e - Conjure Flame         Conj/Fire      11%        6-21      17%         3
f - Mephitic Cloud        Conj/Pois/Air  11%        N/A       17%         3
g - Animate Skeleton      Necr           22%        N/A       6%          1
Your spell library was empty.

Dungeon Overview and Level Annotations

Branches:
Dungeon (2/15)

Altars:


Innate Abilities, Weirdness & Mutations

You are immune to sickness and miasma.
You are immune to poison.
Your flesh is very heat resistant. (rF++)
You are vulnerable to cold. (rC-)
You float through the air rather than walking.
You learn spells naturally, not from books.
Your magical power is your life essence.
You have superior vitality. (+4 MHP)


Message History

Press: ? - help, Q - select action, (/) - cycle Shift-Dir - straight line, f - kobold, p - adder
Aim: a kobold, wielding a +0 whip and quivering stones (100% to hit)
The magic dart hits the kobold.
The kobold is severely wounded.
* * * LOW HITPOINT WARNING * * *
The kobold throws a stone.
The stone hits you but does no damage.
Aiming: Magic Dart (safe; 6% risk of failure)
Press: ? - help, Q - select action, (/) - cycle Shift-Dir - straight line, f/p - kobold
Aim: a kobold, wielding a +0 whip and quivering stones (severely wounded, 100% to hit)
The magic dart hits the adder.
The adder is moderately wounded.
* * * LOW HITPOINT WARNING * * *
The adder bites you but does no damage. The adder barely misses you.
Casting: Magic Dart (safe; 6% risk of failure)
Confirm with . or Enter, or press ? or * to list all spells.
You are still too unstable to blink.
You feel stable enough to blink again.
Casting: Blink (safe; 9% risk of failure)
Confirm with . or Enter, or press ? or * to list all spells.
You blink.
* * * LOW HITPOINT WARNING * * *
The kobold throws a stone.
The stone hits you.
* * * LOW HITPOINT WARNING * * *
You aren't carrying any potions.
As you read the scroll labelled YSTRACV DIBRU, it crumbles to dust.
It is a scroll of amnesia.
You feel forgetful for a moment.
As you read the scroll labelled XITEUQ QANUOSU, it crumbles to dust.
You feel strangely unstable.
It was a scroll of teleportation.
The kobold throws a stone.
The stone hits you but does no damage.
Your surroundings seem slightly different.
You feel stable enough to blink again.
Aiming: Magic Dart (safe; 6% risk of failure)
Press: ? - help, Q - select action, (/) - cycle Shift-Dir - straight line, f - adder
Aim: an adder (moderately wounded, 100% to hit)
The magic dart hits the adder.
The adder is severely wounded.
* * * LOW HITPOINT WARNING * * *
The adder bites you.
You die...

#..#..###........#............
#..#..# #....K..)........(....
#..#### #.......#.............
#..# #.......#.......))....
#..# #.....................
#..# ###.......#.............
#..####...##...........÷......
#..#....####.S.....(..........
#..#.#######.@................
#....# #.....................
#.#### #.....................
### ###...................
##......###......... #......#
#####..... #......# #.....
######## #..... #.....


You could see an adder and a kobold.

Vanquished Creatures
  2 dart slugs (D:1)
  6 ball pythons
  3 endoplasms
  4 goblins (D:1)
  2 hobgoblins (D:1)
  2 bats (D:1)
  4 frilled lizards (D:1)
  2 kobolds (D:1)
  6 rats (D:1)
31 creatures vanquished.

Vanquished Creatures (others)
  6 plants (D:1)
6 creatures vanquished.

Grand Total: 37 creatures vanquished

Notes
Turn   | Place    | Note
-------+----------+-------------------------------------------
     0 | D:1      | smarlow the Djinni Hedge Wizard began the quest for the
                  | Orb.
     0 | D:1      | Reached XP level 1. HP: 15/15 MP: 0/0
   256 | D:1      | Reached XP level 2. HP: 5/21 MP: 0/0
   936 | D:1      | Reached XP level 3. HP: 25/26 MP: 0/0
   936 | D:1      | Learned a level 1 spell: Animate Skeleton
   980 | D:1      | Reached skill level 1 in Fighting
  1497 | D:1      | Found a faded altar of an unknown god.
  1792 | D:1      | HP: 1/27 [kobold/stone (2)]
  1806 | D:1      | Slain by an adder

Illustrated notes

Levels and vault maps discovered:
D:1:      denvon_arrival_planthouse, layout_rooms,
          shapermc_ecumenical_altar_mp_vishouse
D:2:      layout_rooms

Skill      XL: |  1  2  3 |
---------------+----------+-----
Stealth        | 2 |  2.1
Fighting       | 1 |  1.1
Dodging        | |  2.6
Shields        | |  0.1
Spellcasting   | |  2.7

Action                   || total
-------------------------++-------
Melee: Dagger            ||    26
 Cast: Magic Dart        ||    73
       Blink             ||     3
       Animate Skeleton  ||     2
  Use: Scroll            ||     2
Armor: Robe              ||    12
Dodge: Dodged            ||    23
